2910 views
Uploaded 2019-12-04 19:13:57
Game version 1.32.0.3 / 1.32.0.3.1
30:49 long 4on4 ladder game on (8)Feralas_LV
Saved by BEARAND
2910 views
Uploaded 2019-12-04 19:13:57
Game version 1.32.0.3 / 1.32.0.3.1
30:49 long 4on4 ladder game on (8)Feralas_LV


161 units @ 12.8k
/ 0.2k
656 buildings @ 27.6k
/ 15.6k



x1)
| Staff of Teleportation | 3 | 450 |
| Boots of Speed | 2 | 500 |
| Potion of Invisibility | 2 | 200 |
| Tome of Retraining | 1 | 300 |
| Periapt of Vitality | 2 | 650 |
| Circlet of Nobility | 1 | 175 |
| Staff of Sanctuary | 3 | 750 |
| total: | 14 | 3025g |
| Wisp | 26 | 1560 | / | 0 |
| total: | 26 | 1560g | / | 0w |
| Altar of Elders | 1 | 180 | / | 50 |
| Moon Well | 5 | 900 | / | 200 |
| Ancient of Wonders | 2 | 180 | / | 60 |
| Tree of Life | 2 | 680 | / | 370 |
| Hunter's Hall | 1 | 210 | / | 100 |
| Tree of Ages | 1 | 320 | / | 180 |
| Tree of Eternity | 1 | 330 | / | 200 |
| total: | 11 | 2150g | / | 780w |
| 0:01 | Wisp |
| 0:08 | Altar of Elders |
| 0:11 | Wisp |
| 0:16 | Moon Well |
| 0:20 | Wisp |
| 0:32 | Wisp |
| 0:51 | Wisp |
| 1:01 | Wisp |
| 1:16 | Wisp |
| 1:27 | Moon Well |
| 1:40 | Wisp |
| 1:46 | Wisp |
| 1:57 | Ancient of Wonders |
| 1:59 | Ancient of Wonders |
| 2:09 | Wisp |
| 2:19 | Entangling Roots |
| 2:21 | Wisp |
| 2:43 | Wisp |
| 2:44 | Wisp |
| 3:07 | Wisp |
| 3:15 | Tree of Ages |
| 3:55 | Staff of Teleportation |
| 4:07 | Thorns Aura |
| 4:31 | Tree of Life |
| 4:45 | Tree of Life |
| 5:05 | Moon Well |
| 6:08 | Tree of Eternity |
| 8:10 | Hunter's Hall |
| 8:58 | Frost Arrows |
| 9:09 | Entangling Roots |
| 9:15 | Boots of Speed |
| 9:15 | Staff of Teleportation |
| 9:21 | Wisp |
| 9:21 | Wisp |
| 9:21 | Wisp |
| 9:22 | Wisp |
| 9:22 | Wisp |
| 10:08 | Potion of Invisibility |
| 10:17 | Wisp |
| 10:20 | Well Spring |
| 10:21 | Wisp |
| 10:21 | Wisp |
| 11:30 | Wisp |
| 11:30 | Wisp |
| 11:35 | Wisp |
| 11:35 | Wisp |
| 11:37 | Ultravision |
| 11:52 | Tome of Retraining |
| 11:52 | Retrain Hero |
| 11:57 | Force of Nature |
| 11:58 | Entangling Roots |
| 12:20 | Potion of Invisibility |
| 14:06 | Searing Arrows |
| 14:09 | Staff of Sanctuary |
| 14:41 | Staff of Sanctuary |
| 15:14 | Staff of Teleportation |
| 15:14 | Boots of Speed |
| 15:14 | Periapt of Vitality |
| 15:15 | Circlet of Nobility |
| 17:36 | Staff of Sanctuary |
| 17:50 | Periapt of Vitality |
| 19:27 | Moon Well |
| 19:28 | Moon Well |
| 19:41 | Forked Lightning |
| 20:13 | Trueshot Aura |
| 24:40 | Frost Arrows |
| 26:07 | Force of Nature |
| 28:07 | Searing Arrows |
| Right click | 1516 |
| Select | 824 |
| Build/train/purchase | 343 |
| Select group | 306 |
| Assign group | 168 |
| Resource trade | 152 |
| Use ability | 86 |
| Minimap ping | 18 |
| Item give/drop | 5 |
| Misc. action | 2 |
| Esc | 1 |
iggythefisk
(30:48) : | Peasant | 95 | 7125 | / | 0 |
| Sorceress | 2 | 310 | / | 40 |
| total: | 97 | 7435g | / | 40w |
| Scout Tower | 515 | 15450 | / | 10300 |
| Arcane Tower | 8 | 560 | / | 400 |
| Guard Tower | 144 | 10080 | / | 7200 |
| Lumber Mill | 2 | 240 | / | 0 |
| Farm | 5 | 400 | / | 100 |
| Arcane Vault | 2 | 260 | / | 60 |
| Town Hall | 4 | 1540 | / | 820 |
| Altar of Kings | 1 | 180 | / | 50 |
| Arcane Sanctum | 1 | 150 | / | 140 |
| Keep | 1 | 320 | / | 210 |
| Castle | 1 | 360 | / | 210 |
| total: | 530 | 18220g | / | 11470w |
| 0:02 | Peasant |
| 0:05 | Lumber Mill |
| 0:10 | Peasant |
| 0:18 | Farm |
| 0:18 | Peasant |
| 0:24 | Peasant |
| 0:44 | Peasant |
| 1:02 | Scout Tower |
| 1:08 | Peasant |
| 1:15 | Scout Tower |
| 1:23 | Scout Tower |
| 1:25 | Peasant |
| 1:28 | Scout Tower |
| 1:34 | Peasant |
| 1:34 | Improved Masonry |
| 1:41 | Scout Tower |
| 1:44 | Scout Tower |
| 1:51 | Farm |
| 1:52 | Scout Tower |
| 1:55 | Arcane Tower |
| 2:01 | Arcane Tower |
| 2:08 | Guard Tower |
| 2:10 | Peasant |
| 2:10 | Peasant |
| 2:12 | Peasant |
| 2:16 | Scout Tower |
| 2:19 | Peasant |
| 2:23 | Scout Tower |
| 2:23 | Guard Tower |
| 2:26 | Peasant |
| 2:31 | Arcane Vault |
| 2:38 | Scout Tower |
| 2:41 | Peasant |
| 2:45 | Guard Tower |
| 2:54 | Guard Tower |
| 3:00 | Arcane Tower |
| 3:07 | Peasant |
| 3:11 | Scout Tower |
| 3:12 | Guard Tower |
| 3:26 | Scout Tower |
| 3:41 | Scout Tower |
| 3:48 | Arcane Vault |
| 3:58 | Town Hall |
| 4:02 | Scout Tower |
| 4:05 | Peasant |
| 4:06 | Peasant |
| 4:08 | Peasant |
| 4:14 | Scout Tower |
| 4:23 | Peasant |
| 4:34 | Scout Tower |
| 4:39 | Guard Tower |
| 4:42 | Scout Tower |
| 4:45 | Peasant |
| 4:49 | Guard Tower |
| 4:52 | Arcane Tower |
| 4:53 | Guard Tower |
| 4:54 | Scout Tower |
| 4:55 | Peasant |
| 5:06 | Guard Tower |
| 5:11 | Lumber Mill |
| 5:13 | Guard Tower |
| 5:14 | Scout Tower |
| 5:25 | Keep |
| 5:27 | Peasant |
| 5:27 | Peasant |
| 5:27 | Guard Tower |
| 5:32 | Scout Tower |
| 5:33 | Scout Tower |
| 5:37 | Scout Tower |
| 5:39 | Peasant |
| 5:45 | Peasant |
| 5:51 | Peasant |
| 5:52 | Guard Tower |
| 5:54 | Scout Tower |
| 5:57 | Scout Tower |
| 5:58 | Scout Tower |
| 6:05 | Guard Tower |
| 6:08 | Scout Tower |
| 6:12 | Peasant |
| 6:27 | Scout Tower |
| 6:28 | Scout Tower |
| 6:31 | Scout Tower |
| 6:34 | Arcane Tower |
| 6:34 | Guard Tower |
| 6:35 | Guard Tower |
| 6:36 | Scout Tower |
| 6:48 | Peasant |
| 6:54 | Guard Tower |
| 6:55 | Scout Tower |
| 6:58 | Arcane Tower |
| 7:13 | Peasant |
| 7:16 | Guard Tower |
| 7:18 | Scout Tower |
| 7:19 | Guard Tower |
| 7:20 | Scout Tower |
| 7:22 | Scout Tower |
| 7:45 | Scout Tower |
| 7:47 | Scout Tower |
| 7:48 | Scout Tower |
| 7:51 | Guard Tower |
| 7:55 | Altar of Kings |
| 7:56 | Arcane Sanctum |
| 7:57 | Advanced Masonry |
| 7:57 | Improved Lumber Harvesting |
| 7:58 | Peasant |
| 7:58 | Peasant |
| 7:58 | Peasant |
| 8:00 | Peasant |
| 8:02 | Peasant |
| 8:02 | Peasant |
| 8:06 | Scout Tower |
| 8:07 | Scout Tower |
| 8:08 | Scout Tower |
| 8:18 | Guard Tower |
| 8:19 | Scout Tower |
| 8:20 | Scout Tower |
| 8:20 | Scout Tower |
| 8:23 | Guard Tower |
| 8:23 | Arcane Tower |
| 8:25 | Scout Tower |
| 8:25 | Scout Tower |
| 8:44 | Peasant |
| 8:44 | Peasant |
| 8:45 | Guard Tower |
| 8:48 | Scout Tower |
| 8:48 | Scout Tower |
| 8:57 | Peasant |
| 9:06 | Peasant |
| 9:07 | Peasant |
| 9:10 | Castle |
| 9:10 | Magic Sentry |
| 9:19 | Peasant |
| 9:27 | Sorceress Adept Training |
| 9:27 | Sorceress |
| 9:28 | Guard Tower |
| 9:30 | Scout Tower |
| 9:31 | Scout Tower |
| 9:36 | Peasant |
| 9:39 | Scout Tower |
| 9:40 | Scout Tower |
| 9:42 | Guard Tower |
| 9:44 | Scout Tower |
| 9:45 | Scout Tower |
| 9:47 | Scout Tower |
| 9:48 | Scout Tower |
| 9:48 | Scout Tower |
| 9:50 | Guard Tower |
| 9:52 | Scout Tower |
| 9:53 | Scout Tower |
| 10:07 | Scout Tower |
| 10:07 | Scout Tower |
| 10:08 | Scout Tower |
| 10:09 | Scout Tower |
| 10:21 | Peasant |
| 10:21 | Peasant |
| 10:32 | Scout Tower |
| 10:33 | Guard Tower |
| 10:40 | Arcane Tower |
| 10:48 | Guard Tower |
| 10:53 | Scout Tower |
| 10:55 | Scout Tower |
| 10:57 | Peasant |
| 11:12 | Peasant |
| 11:18 | Scout Tower |
| 11:19 | Scout Tower |
| 11:20 | Scout Tower |
| 11:23 | Peasant |
| 11:23 | Guard Tower |
| 11:25 | Guard Tower |
| 11:28 | Scout Tower |
| 11:28 | Scout Tower |
| 11:34 | Imbued Masonry |
| 11:35 | Advanced Lumber Harvesting |
| 11:43 | Scout Tower |
| 11:51 | Scout Tower |
| 11:53 | Scout Tower |
| 11:57 | Guard Tower |
| 11:58 | Scout Tower |
| 11:58 | Scout Tower |
| 12:12 | Peasant |
| 12:12 | Peasant |
| 12:15 | Scout Tower |
| 12:16 | Guard Tower |
| 12:17 | Scout Tower |
| 12:22 | Guard Tower |
| 12:25 | Scout Tower |
| 12:27 | Scout Tower |
| 12:29 | Scout Tower |
| 12:35 | Farm |
| 12:36 | Farm |
| 12:36 | Guard Tower |
| 12:49 | Scout Tower |
| 12:50 | Scout Tower |
| 12:51 | Scout Tower |
| 12:52 | Guard Tower |
| 12:54 | Scout Tower |
| 12:55 | Scout Tower |
| 12:57 | Scout Tower |
| 12:58 | Guard Tower |
| 13:00 | Scout Tower |
| 13:00 | Scout Tower |
| 13:00 | Scout Tower |
| 13:01 | Scout Tower |
| 13:02 | Scout Tower |
| 13:03 | Scout Tower |
| 13:04 | Guard Tower |
| 13:08 | Guard Tower |
| 13:12 | Sorceress Master Training |
| 13:13 | Sorceress |
| 13:20 | Scout Tower |
| 13:21 | Guard Tower |
| 13:26 | Guard Tower |
| 13:27 | Scout Tower |
| 13:27 | Scout Tower |
| 13:36 | Scout Tower |
| 13:38 | Scout Tower |
| 13:43 | Guard Tower |
| 13:44 | Guard Tower |
| 13:47 | Scout Tower |
| 13:48 | Scout Tower |
| 13:49 | Scout Tower |
| 13:49 | Scout Tower |
| 13:53 | Farm |
| 13:55 | Peasant |
| 13:56 | Peasant |
| 13:58 | Guard Tower |
| 14:02 | Scout Tower |
| 14:03 | Scout Tower |
| 14:11 | Guard Tower |
| 14:13 | Scout Tower |
| 14:13 | Scout Tower |
| 14:14 | Scout Tower |
| 14:15 | Scout Tower |
| 14:16 | Scout Tower |
| 14:17 | Scout Tower |
| 14:18 | Scout Tower |
| 14:18 | Scout Tower |
| 14:19 | Scout Tower |
| 14:22 | Guard Tower |
| 14:24 | Scout Tower |
| 14:24 | Scout Tower |
| 14:26 | Guard Tower |
| 14:29 | Scout Tower |
| 14:31 | Guard Tower |
| 14:32 | Scout Tower |
| 14:36 | Scout Tower |
| 14:37 | Scout Tower |
| 14:37 | Scout Tower |
| 14:41 | Guard Tower |
| 14:47 | Scout Tower |
| 14:50 | Peasant |
| 14:50 | Peasant |
| 14:51 | Guard Tower |
| 14:52 | Guard Tower |
| 14:54 | Scout Tower |
| 14:55 | Scout Tower |
| 14:56 | Scout Tower |
| 14:57 | Scout Tower |
| 15:01 | Scout Tower |
| 15:02 | Scout Tower |
| 15:03 | Scout Tower |
| 15:07 | Scout Tower |
| 15:08 | Scout Tower |
| 15:08 | Scout Tower |
| 15:10 | Scout Tower |
| 15:11 | Scout Tower |
| 15:12 | Guard Tower |
| 15:13 | Scout Tower |
| 15:17 | Peasant |
| 15:17 | Peasant |
| 15:17 | Peasant |
| 15:18 | Peasant |
| 15:32 | Guard Tower |
| 15:34 | Guard Tower |
| 15:35 | Scout Tower |
| 15:37 | Guard Tower |
| 15:42 | Guard Tower |
| 15:44 | Scout Tower |
| 15:45 | Scout Tower |
| 15:45 | Scout Tower |
| 15:47 | Guard Tower |
| 15:48 | Scout Tower |
| 15:50 | Scout Tower |
| 15:53 | Scout Tower |
| 15:54 | Guard Tower |
| 15:57 | Scout Tower |
| 15:58 | Scout Tower |
| 15:59 | Scout Tower |
| 16:02 | Guard Tower |
| 16:05 | Guard Tower |
| 16:07 | Peasant |
| 16:08 | Peasant |
| 16:16 | Guard Tower |
| 16:22 | Scout Tower |
| 16:24 | Scout Tower |
| 16:24 | Scout Tower |
| 16:25 | Scout Tower |
| 16:28 | Guard Tower |
| 16:37 | Guard Tower |
| 16:41 | Guard Tower |
| 16:42 | Scout Tower |
| 16:44 | Scout Tower |
| 16:44 | Scout Tower |
| 16:49 | Guard Tower |
| 16:50 | Scout Tower |
| 16:51 | Scout Tower |
| 16:53 | Peasant |
| 16:53 | Peasant |
| 17:04 | Guard Tower |
| 17:10 | Peasant |
| 17:10 | Peasant |
| 17:20 | Scout Tower |
| 17:21 | Scout Tower |
| 17:22 | Scout Tower |
| 17:23 | Scout Tower |
| 17:24 | Scout Tower |
| 17:24 | Scout Tower |
| 17:25 | Scout Tower |
| 17:26 | Scout Tower |
| 17:27 | Guard Tower |
| 17:29 | Scout Tower |
| 17:30 | Scout Tower |
| 17:30 | Scout Tower |
| 17:40 | Peasant |
| 17:40 | Peasant |
| 17:40 | Peasant |
| 17:49 | Scout Tower |
| 17:50 | Scout Tower |
| 17:51 | Scout Tower |
| 17:54 | Scout Tower |
| 17:54 | Scout Tower |
| 17:56 | Guard Tower |
| 17:57 | Scout Tower |
| 17:57 | Scout Tower |
| 17:59 | Guard Tower |
| 18:01 | Scout Tower |
| 18:02 | Scout Tower |
| 18:02 | Scout Tower |
| 18:03 | Scout Tower |
| 18:03 | Scout Tower |
| 18:06 | Guard Tower |
| 18:09 | Scout Tower |
| 18:10 | Scout Tower |
| 18:10 | Scout Tower |
| 18:10 | Scout Tower |
| 18:18 | Scout Tower |
| 18:19 | Scout Tower |
| 18:19 | Scout Tower |
| 18:21 | Guard Tower |
| 18:22 | Scout Tower |
| 18:23 | Scout Tower |
| 18:27 | Peasant |
| 18:27 | Peasant |
| 18:29 | Guard Tower |
| 18:30 | Scout Tower |
| 18:31 | Scout Tower |
| 18:32 | Guard Tower |
| 18:34 | Scout Tower |
| 18:39 | Guard Tower |
| 18:43 | Town Hall |
| 18:44 | Guard Tower |
| 18:51 | Peasant |
| 18:52 | Peasant |
| 18:52 | Peasant |
| 18:57 | Scout Tower |
| 18:58 | Scout Tower |
| 19:01 | Scout Tower |
| 19:06 | Guard Tower |
| 19:07 | Scout Tower |
| 19:11 | Scout Tower |
| 19:12 | Scout Tower |
| 19:13 | Guard Tower |
| 19:14 | Guard Tower |
| 19:16 | Scout Tower |
| 19:17 | Scout Tower |
| 19:17 | Scout Tower |
| 19:17 | Scout Tower |
| 19:18 | Scout Tower |
| 19:18 | Scout Tower |
| 19:20 | Guard Tower |
| 19:21 | Scout Tower |
| 19:22 | Scout Tower |
| 19:23 | Scout Tower |
| 19:26 | Guard Tower |
| 19:30 | Guard Tower |
| 19:32 | Guard Tower |
| 19:33 | Scout Tower |
| 19:33 | Scout Tower |
| 19:35 | Scout Tower |
| 19:35 | Scout Tower |
| 19:36 | Scout Tower |
| 19:38 | Guard Tower |
| 19:40 | Scout Tower |
| 19:41 | Scout Tower |
| 19:42 | Scout Tower |
| 19:42 | Scout Tower |
| 19:43 | Scout Tower |
| 19:43 | Scout Tower |
| 19:50 | Scout Tower |
| 19:51 | Scout Tower |
| 19:51 | Scout Tower |
| 19:52 | Scout Tower |
| 19:52 | Scout Tower |
| 19:53 | Scout Tower |
| 19:53 | Scout Tower |
| 19:54 | Scout Tower |
| 20:00 | Guard Tower |
| 20:07 | Guard Tower |
| 20:11 | Town Hall |
| 20:17 | Guard Tower |
| 20:24 | Guard Tower |
| 20:27 | Scout Tower |
| 20:27 | Scout Tower |
| 20:30 | Guard Tower |
| 20:32 | Scout Tower |
| 20:32 | Scout Tower |
| 20:33 | Guard Tower |
| 20:36 | Scout Tower |
| 20:36 | Scout Tower |
| 20:37 | Scout Tower |
| 20:37 | Scout Tower |
| 20:38 | Scout Tower |
| 20:38 | Scout Tower |
| 20:39 | Scout Tower |
| 20:39 | Scout Tower |
| 20:42 | Guard Tower |
| 20:45 | Scout Tower |
| 20:48 | Town Hall |
| 20:50 | Scout Tower |
| 20:51 | Scout Tower |
| 20:52 | Peasant |
| 20:52 | Peasant |
| 21:00 | Scout Tower |
| 21:06 | Peasant |
| 21:07 | Peasant |
| 21:07 | Peasant |
| 21:07 | Peasant |
| 21:13 | Scout Tower |
| 21:14 | Scout Tower |
| 21:14 | Guard Tower |
| 21:16 | Guard Tower |
| 21:17 | Guard Tower |
| 21:21 | Scout Tower |
| 21:21 | Scout Tower |
| 21:28 | Guard Tower |
| 21:41 | Guard Tower |
| 21:42 | Scout Tower |
| 21:42 | Scout Tower |
| 21:43 | Scout Tower |
| 21:45 | Guard Tower |
| 21:46 | Scout Tower |
| 21:47 | Scout Tower |
| 21:50 | Guard Tower |
| 21:52 | Guard Tower |
| 21:55 | Scout Tower |
| 21:55 | Scout Tower |
| 21:57 | Scout Tower |
| 21:57 | Scout Tower |
| 21:58 | Scout Tower |
| 21:58 | Scout Tower |
| 22:05 | Peasant |
| 22:06 | Peasant |
| 22:07 | Guard Tower |
| 22:15 | Guard Tower |
| 22:21 | Guard Tower |
| 22:24 | Scout Tower |
| 22:25 | Scout Tower |
| 22:26 | Scout Tower |
| 22:26 | Scout Tower |
| 22:29 | Scout Tower |
| 22:37 | Guard Tower |
| 22:40 | Scout Tower |
| 22:41 | Scout Tower |
| 22:42 | Scout Tower |
| 22:42 | Scout Tower |
| 22:46 | Peasant |
| 22:46 | Peasant |
| 22:46 | Peasant |
| 22:47 | Scout Tower |
| 22:48 | Scout Tower |
| 22:49 | Scout Tower |
| 23:00 | Scout Tower |
| 23:00 | Scout Tower |
| 23:01 | Scout Tower |
| 23:01 | Scout Tower |
| 23:09 | Guard Tower |
| 23:10 | Scout Tower |
| 23:17 | Guard Tower |
| 23:19 | Guard Tower |
| 23:20 | Scout Tower |
| 23:21 | Scout Tower |
| 23:21 | Scout Tower |
| 23:22 | Scout Tower |
| 23:25 | Guard Tower |
| 23:40 | Scout Tower |
| 23:41 | Guard Tower |
| 23:46 | Guard Tower |
| 23:51 | Scout Tower |
| 23:53 | Peasant |
| 23:56 | Peasant |
| 23:59 | Guard Tower |
| 24:00 | Scout Tower |
| 24:00 | Scout Tower |
| 24:06 | Scout Tower |
| 24:09 | Guard Tower |
| 24:13 | Guard Tower |
| 24:14 | Scout Tower |
| 24:15 | Scout Tower |
| 24:17 | Scout Tower |
| 24:18 | Scout Tower |
| 24:19 | Scout Tower |
| 24:30 | Scout Tower |
| 24:31 | Scout Tower |
| 24:31 | Scout Tower |
| 24:32 | Scout Tower |
| 24:32 | Scout Tower |
| 24:33 | Scout Tower |
| 24:33 | Scout Tower |
| 24:34 | Scout Tower |
| 24:34 | Scout Tower |
| 24:34 | Scout Tower |
| 24:38 | Scout Tower |
| 24:38 | Scout Tower |
| 24:40 | Scout Tower |
| 24:40 | Scout Tower |
| 24:40 | Scout Tower |
| 24:41 | Scout Tower |
| 24:41 | Scout Tower |
| 24:42 | Scout Tower |
| 24:43 | Scout Tower |
| 24:43 | Scout Tower |
| 24:45 | Guard Tower |
| 24:47 | Scout Tower |
| 24:48 | Scout Tower |
| 24:48 | Scout Tower |
| 24:49 | Scout Tower |
| 24:49 | Scout Tower |
| 24:49 | Scout Tower |
| 24:50 | Scout Tower |
| 24:50 | Scout Tower |
| 24:51 | Guard Tower |
| 24:53 | Scout Tower |
| 24:53 | Scout Tower |
| 24:54 | Scout Tower |
| 24:54 | Scout Tower |
| 24:54 | Scout Tower |
| 24:55 | Scout Tower |
| 24:55 | Scout Tower |
| 24:59 | Scout Tower |
| 25:00 | Scout Tower |
| 25:00 | Scout Tower |
| 25:01 | Scout Tower |
| 25:01 | Scout Tower |
| 25:02 | Scout Tower |
| 25:08 | Scout Tower |
| 25:09 | Scout Tower |
| 25:09 | Scout Tower |
| 25:10 | Scout Tower |
| 25:11 | Guard Tower |
| 25:15 | Guard Tower |
| 25:17 | Scout Tower |
| 25:18 | Scout Tower |
| 25:18 | Scout Tower |
| 25:18 | Scout Tower |
| 25:19 | Guard Tower |
| 25:27 | Guard Tower |
| 25:37 | Guard Tower |
| 25:46 | Guard Tower |
| 25:48 | Scout Tower |
| 25:49 | Scout Tower |
| 25:49 | Scout Tower |
| 25:50 | Scout Tower |
| 25:53 | Scout Tower |
| 25:54 | Scout Tower |
| 25:55 | Scout Tower |
| 25:55 | Scout Tower |
| 25:56 | Scout Tower |
| 25:57 | Scout Tower |
| 25:58 | Guard Tower |
| 26:07 | Guard Tower |
| 26:12 | Peasant |
| 26:12 | Peasant |
| 26:15 | Guard Tower |
| 26:18 | Scout Tower |
| 26:19 | Scout Tower |
| 26:23 | Scout Tower |
| 26:24 | Scout Tower |
| 26:25 | Scout Tower |
| 26:25 | Scout Tower |
| 26:26 | Scout Tower |
| 26:26 | Scout Tower |
| 26:35 | Guard Tower |
| 26:37 | Scout Tower |
| 26:38 | Scout Tower |
| 26:42 | Scout Tower |
| 26:45 | Scout Tower |
| 26:46 | Scout Tower |
| 26:46 | Scout Tower |
| 26:47 | Scout Tower |
| 26:47 | Scout Tower |
| 26:48 | Scout Tower |
| 26:52 | Scout Tower |
| 26:52 | Scout Tower |
| 26:53 | Scout Tower |
| 26:53 | Scout Tower |
| 26:54 | Scout Tower |
| 26:54 | Scout Tower |
| 26:55 | Scout Tower |
| 26:55 | Scout Tower |
| 26:56 | Scout Tower |
| 26:56 | Scout Tower |
| 26:57 | Scout Tower |
| 26:57 | Scout Tower |
| 26:58 | Scout Tower |
| 27:00 | Guard Tower |
| 27:02 | Scout Tower |
| 27:02 | Scout Tower |
| 27:03 | Scout Tower |
| 27:03 | Scout Tower |
| 27:04 | Scout Tower |
| 27:05 | Scout Tower |
| 27:05 | Scout Tower |
| 27:06 | Scout Tower |
| 27:07 | Guard Tower |
| 27:08 | Scout Tower |
| 27:09 | Scout Tower |
| 27:10 | Scout Tower |
| 27:10 | Scout Tower |
| 27:11 | Scout Tower |
| 27:11 | Scout Tower |
| 27:12 | Scout Tower |
| 27:12 | Scout Tower |
| 27:13 | Scout Tower |
| 27:13 | Scout Tower |
| 27:13 | Scout Tower |
| 27:14 | Scout Tower |
| 27:15 | Guard Tower |
| 27:17 | Scout Tower |
| 27:17 | Scout Tower |
| 27:18 | Scout Tower |
| 27:19 | Scout Tower |
| 27:19 | Scout Tower |
| 27:20 | Scout Tower |
| 27:20 | Scout Tower |
| 27:21 | Scout Tower |
| 27:21 | Scout Tower |
| 27:22 | Scout Tower |
| 27:23 | Scout Tower |
| 27:23 | Scout Tower |
| 27:24 | Scout Tower |
| 27:27 | Peasant |
| 27:27 | Peasant |
| 27:29 | Guard Tower |
| 27:30 | Scout Tower |
| 27:31 | Scout Tower |
| 27:31 | Scout Tower |
| 27:32 | Scout Tower |
| 27:32 | Scout Tower |
| 27:33 | Scout Tower |
| 27:33 | Scout Tower |
| 27:35 | Guard Tower |
| 27:37 | Scout Tower |
| 27:37 | Scout Tower |
| 27:38 | Scout Tower |
| 27:38 | Scout Tower |
| 27:39 | Scout Tower |
| 27:43 | Guard Tower |
| 27:47 | Scout Tower |
| 27:47 | Scout Tower |
| 27:48 | Scout Tower |
| 27:48 | Scout Tower |
| 27:49 | Scout Tower |
| 27:51 | Peasant |
| 27:52 | Peasant |
| 27:52 | Peasant |
| 27:52 | Peasant |
| 27:59 | Guard Tower |
| 28:01 | Guard Tower |
| 28:03 | Scout Tower |
| 28:05 | Scout Tower |
| 28:05 | Scout Tower |
| 28:06 | Scout Tower |
| 28:06 | Scout Tower |
| 28:07 | Peasant |
| 28:11 | Peasant |
| 28:20 | Scout Tower |
| 28:20 | Scout Tower |
| 28:21 | Scout Tower |
| 28:22 | Scout Tower |
| 28:23 | Scout Tower |
| 28:23 | Scout Tower |
| 28:25 | Guard Tower |
| 28:26 | Guard Tower |
| 28:32 | Guard Tower |
| 28:37 | Guard Tower |
| 28:45 | Guard Tower |
| 28:47 | Guard Tower |
| 28:50 | Scout Tower |
| 28:50 | Scout Tower |
| 28:52 | Scout Tower |
| 28:54 | Guard Tower |
| 28:56 | Scout Tower |
| 28:56 | Scout Tower |
| 28:57 | Scout Tower |
| 28:57 | Scout Tower |
| 28:58 | Scout Tower |
| 28:58 | Scout Tower |
| 28:59 | Scout Tower |
| 29:00 | Scout Tower |
| 29:02 | Scout Tower |
| 29:03 | Scout Tower |
| 29:03 | Scout Tower |
| 29:04 | Scout Tower |
| 29:05 | Scout Tower |
| 29:05 | Scout Tower |
| 29:07 | Scout Tower |
| 29:07 | Scout Tower |
| 29:09 | Scout Tower |
| 29:10 | Scout Tower |
| 29:11 | Scout Tower |
| 29:12 | Scout Tower |
| 29:13 | Scout Tower |
| 29:14 | Scout Tower |
| 29:15 | Scout Tower |
| 29:15 | Scout Tower |
| 29:17 | Scout Tower |
| 29:17 | Scout Tower |
| 29:18 | Scout Tower |
| 29:19 | Scout Tower |
| 29:21 | Scout Tower |
| 29:21 | Scout Tower |
| 29:24 | Scout Tower |
| 29:25 | Scout Tower |
| 29:26 | Scout Tower |
| 29:26 | Scout Tower |
| 29:27 | Scout Tower |
| 29:27 | Scout Tower |
| 29:33 | Peasant |
| 29:35 | Scout Tower |
| 29:38 | Guard Tower |
| 29:42 | Scout Tower |
| 29:43 | Scout Tower |
| 29:43 | Scout Tower |
| 29:44 | Scout Tower |
| 29:47 | Guard Tower |
| 29:54 | Scout Tower |
| 29:54 | Scout Tower |
| 29:55 | Scout Tower |
| 29:56 | Scout Tower |
| 29:56 | Scout Tower |
| 29:58 | Guard Tower |
| 30:02 | Scout Tower |
| 30:02 | Scout Tower |
| 30:03 | Scout Tower |
| 30:04 | Scout Tower |
| 30:04 | Scout Tower |
| 30:06 | Guard Tower |
| 30:09 | Scout Tower |
| 30:10 | Scout Tower |
| 30:11 | Scout Tower |
| 30:11 | Scout Tower |
| 30:12 | Scout Tower |
| 30:12 | Scout Tower |
| 30:13 | Scout Tower |
| 30:13 | Scout Tower |
| 30:13 | Scout Tower |
| 30:15 | Guard Tower |
| 30:19 | Scout Tower |
| 30:20 | Scout Tower |
| 30:20 | Scout Tower |
| 30:21 | Scout Tower |
| 30:22 | Scout Tower |
| 30:25 | Scout Tower |
| 30:28 | Scout Tower |
| 30:29 | Scout Tower |
| 30:29 | Scout Tower |
| 30:30 | Scout Tower |
| 30:31 | Guard Tower |
| 30:37 | Scout Tower |
| 30:38 | Scout Tower |
| 30:38 | Scout Tower |
| 30:39 | Scout Tower |
| 30:39 | Scout Tower |
| 30:41 | Scout Tower |
| 30:42 | Scout Tower |
| 30:43 | Guard Tower |
| 30:46 | Scout Tower |
| 30:47 | Scout Tower |
| Select | 832 |
| Right click | 798 |
| Assign group | 488 |
| Chat | 350 |
| Build/train/purchase | 311 |
| Select group | 184 |
| Use ability | 15 |
| Remove unit | 13 |
| Misc. action | 11 |
| Minimap ping | 1 |
BEARAND
(30:48) : 


x1)
| Staff of Sanctuary | 2 | 500 |
| Orb of Fire | 1 | 325 |
| Boots of Speed | 3 | 750 |
| Periapt of Vitality | 2 | 650 |
| Staff of Teleportation | 3 | 450 |
| Tome of Retraining | 1 | 300 |
| Potion of Lesser Invulnerability | 1 | 150 |
| Circlet of Nobility | 1 | 175 |
| Orb of Venom | 1 | 325 |
| Staff of Preservation | 1 | 150 |
| total: | 16 | 3775g |
| Peasant | 16 | 1200 | / | 0 |
| Priest | 2 | 270 | / | 20 |
| total: | 18 | 1470g | / | 20w |
| Scout Tower | 80 | 2400 | / | 1600 |
| Arcane Tower | 11 | 770 | / | 550 |
| Guard Tower | 48 | 3360 | / | 2400 |
| Altar of Kings | 1 | 180 | / | 50 |
| Farm | 11 | 880 | / | 220 |
| Lumber Mill | 1 | 120 | / | 0 |
| Town Hall | 1 | 385 | / | 205 |
| Arcane Vault | 3 | 390 | / | 90 |
| Blacksmith | 1 | 140 | / | 60 |
| Arcane Sanctum | 1 | 150 | / | 140 |
| Workshop | 2 | 280 | / | 280 |
| Keep | 2 | 640 | / | 420 |
| Castle | 2 | 720 | / | 420 |
| total: | 101 | 4925g | / | 2645w |
| 0:02 | Peasant |
| 0:02 | Peasant |
| 0:07 | Altar of Kings |
| 0:18 | Farm |
| 0:28 | Peasant |
| 0:37 | Farm |
| 0:45 | Peasant |
| 0:48 | Lumber Mill |
| 0:50 | Peasant |
| 1:00 | Peasant |
| 1:08 | Peasant |
| 1:16 | Peasant |
| 1:33 | Scout Tower |
| 1:40 | Scout Tower |
| 1:45 | Peasant |
| 1:45 | Peasant |
| 1:54 | Scout Tower |
| 2:02 | Arcane Tower |
| 2:05 | Scout Tower |
| 2:07 | Summon Water Elemental |
| 2:20 | Arcane Tower |
| 2:22 | Scout Tower |
| 2:23 | Scout Tower |
| 2:27 | Scout Tower |
| 2:33 | Peasant |
| 2:33 | Peasant |
| 2:33 | Peasant |
| 2:41 | Guard Tower |
| 2:47 | Scout Tower |
| 2:49 | Guard Tower |
| 2:53 | Peasant |
| 3:08 | Peasant |
| 3:09 | Scout Tower |
| 3:12 | Scout Tower |
| 3:13 | Guard Tower |
| 3:22 | Guard Tower |
| 3:32 | Guard Tower |
| 3:34 | Scout Tower |
| 3:35 | Scout Tower |
| 3:42 | Guard Tower |
| 3:52 | Guard Tower |
| 3:59 | Scout Tower |
| 4:01 | Guard Tower |
| 4:02 | Scout Tower |
| 4:03 | Guard Tower |
| 4:04 | Scout Tower |
| 4:29 | Guard Tower |
| 4:31 | Brilliance Aura |
| 4:45 | Scout Tower |
| 4:45 | Scout Tower |
| 4:46 | Keep |
| 4:48 | Guard Tower |
| 4:50 | Scout Tower |
| 5:11 | Guard Tower |
| 5:13 | Scout Tower |
| 5:19 | Boots of Speed |
| 5:19 | Periapt of Vitality |
| 5:26 | Guard Tower |
| 5:27 | Guard Tower |
| 5:33 | Scout Tower |
| 5:34 | Scout Tower |
| 5:35 | Scout Tower |
| 5:35 | Scout Tower |
| 5:36 | Scout Tower |
| 5:36 | Scout Tower |
| 5:38 | Guard Tower |
| 5:39 | Scout Tower |
| 5:40 | Scout Tower |
| 5:41 | Scout Tower |
| 5:41 | Scout Tower |
| 5:48 | Guard Tower |
| 6:10 | Guard Tower |
| 6:27 | Scout Tower |
| 6:53 | Town Hall |
| 6:54 | Guard Tower |
| 7:21 | Farm |
| 7:23 | Farm |
| 7:23 | Farm |
| 7:25 | Castle |
| 7:29 | Staff of Teleportation |
| 7:29 | Boots of Speed |
| 7:31 | Summon Water Elemental |
| 7:34 | Guard Tower |
| 7:35 | Guard Tower |
| 7:51 | Arcane Sanctum |
| 7:55 | Arcane Vault |
| 7:55 | Arcane Vault |
| 8:01 | Guard Tower |
| 8:06 | Guard Tower |
| 8:08 | Scout Tower |
| 8:09 | Scout Tower |
| 8:09 | Scout Tower |
| 8:10 | Scout Tower |
| 8:11 | Scout Tower |
| 8:11 | Scout Tower |
| 8:16 | Scout Tower |
| 8:17 | Scout Tower |
| 8:18 | Scout Tower |
| 8:18 | Scout Tower |
| 8:19 | Scout Tower |
| 8:21 | Guard Tower |
| 8:57 | Scout Tower |
| 8:58 | Scout Tower |
| 8:58 | Scout Tower |
| 8:59 | Scout Tower |
| 8:59 | Scout Tower |
| 8:59 | Scout Tower |
| 9:05 | Magic Sentry |
| 9:06 | Priest |
| 9:47 | Arcane Tower |
| 9:59 | Staff of Sanctuary |
| 10:07 | Guard Tower |
| 10:13 | Storm Bolt |
| 10:20 | Guard Tower |
| 11:09 | Staff of Sanctuary |
| 11:09 | Orb of Fire |
| 11:12 | Holy Light |
| 11:15 | Guard Tower |
| 11:18 | Peasant |
| 11:24 | Guard Tower |
| 11:31 | Guard Tower |
| 11:34 | Scout Tower |
| 11:35 | Scout Tower |
| 11:36 | Scout Tower |
| 11:37 | Scout Tower |
| 11:37 | Scout Tower |
| 11:38 | Scout Tower |
| 11:38 | Scout Tower |
| 11:39 | Scout Tower |
| 11:57 | Scout Tower |
| 11:57 | Scout Tower |
| 11:58 | Priest |
| 12:09 | Guard Tower |
| 12:16 | Improved Masonry |
| 12:19 | Improved Lumber Harvesting |
| 12:22 | Scout Tower |
| 12:22 | Scout Tower |
| 12:23 | Scout Tower |
| 12:23 | Scout Tower |
| 12:24 | Scout Tower |
| 12:24 | Scout Tower |
| 12:25 | Scout Tower |
| 12:25 | Scout Tower |
| 12:32 | Guard Tower |
| 12:34 | Guard Tower |
| 12:35 | Guard Tower |
| 12:37 | Scout Tower |
| 12:38 | Scout Tower |
| 12:38 | Scout Tower |
| 12:39 | Scout Tower |
| 12:39 | Scout Tower |
| 12:39 | Scout Tower |
| 12:40 | Scout Tower |
| 12:40 | Scout Tower |
| 12:41 | Scout Tower |
| 13:03 | Guard Tower |
| 13:04 | Arcane Tower |
| 13:06 | Scout Tower |
| 13:07 | Scout Tower |
| 13:42 | Guard Tower |
| 13:43 | Arcane Vault |
| 13:45 | Scout Tower |
| 13:45 | Scout Tower |
| 13:46 | Scout Tower |
| 13:46 | Scout Tower |
| 14:00 | Guard Tower |
| 14:05 | Guard Tower |
| 14:08 | Arcane Tower |
| 14:08 | Arcane Tower |
| 14:26 | Boots of Speed |
| 14:40 | Tome of Retraining |
| 14:40 | Retrain Hero |
| 14:49 | Blizzard |
| 14:49 | Brilliance Aura |
| 14:51 | Blizzard |
| 16:16 | Bash |
| 17:00 | Brilliance Aura |
| 18:17 | Divine Shield |
| 18:26 | Arcane Tower |
| 18:27 | Arcane Tower |
| 19:29 | Storm Bolt |
| 19:47 | Guard Tower |
| 19:57 | Staff of Teleportation |
| 20:50 | Potion of Lesser Invulnerability |
| 20:51 | Periapt of Vitality |
| 21:05 | Staff of Teleportation |
| 21:06 | Circlet of Nobility |
| 21:14 | Orb of Venom |
| 21:16 | Staff of Preservation |
| 23:03 | Holy Light |
| 24:37 | Brilliance Aura |
| 28:09 | Bash |
| 28:46 | Blacksmith |
| 28:49 | Farm |
| 28:49 | Farm |
| 28:50 | Farm |
| 28:50 | Farm |
| 28:51 | Farm |
| 28:51 | Farm |
| 29:59 | Workshop |
| 30:00 | Workshop |
| 30:02 | Black Gunpowder |
| 30:30 | Advanced Lumber Harvesting |
| Right click | 2149 |
| Select | 691 |
| Select group | 570 |
| Build/train/purchase | 256 |
| Use ability | 94 |
| Chat | 81 |
| Resource trade | 68 |
| Misc. action | 31 |
| Assign group | 22 |
| Minimap ping | 16 |
| Item give/drop | 3 |
| Remove unit | 2 |



| Rod of Necromancy | 2 | 300 |
| Orb of Corruption | 3 | 1125 |
| Boots of Speed | 3 | 750 |
| Circlet of Nobility | 2 | 350 |
| Staff of Teleportation | 3 | 450 |
| Periapt of Vitality | 1 | 325 |
| Staff of Sanctuary | 3 | 750 |
| total: | 17 | 4050g |
| Acolyte | 7 | 525 | / | 0 |
| Ghoul | 10 | 1200 | / | 0 |
| Obsidian Statue | 3 | 600 | / | 105 |
| total: | 20 | 2325g | / | 105w |
| Nerubian Tower | 2 | 200 | / | 40 |
| Spirit Tower | 3 | 435 | / | 120 |
| Altar of Darkness | 1 | 180 | / | 50 |
| Ziggurat | 6 | 900 | / | 300 |
| Crypt | 1 | 200 | / | 50 |
| Tomb of Relics | 1 | 130 | / | 30 |
| Graveyard | 1 | 215 | / | 0 |
| Necropolis | 2 | 450 | / | 0 |
| Slaughterhouse | 1 | 140 | / | 135 |
| Sacrificial Pit | 1 | 75 | / | 150 |
| Halls of the Dead | 2 | 640 | / | 420 |
| Black Citadel | 1 | 325 | / | 230 |
| total: | 14 | 2290g | / | 715w |
| 0:04 | Acolyte |
| 0:04 | Acolyte |
| 0:08 | Altar of Darkness |
| 0:11 | Ziggurat |
| 0:36 | Crypt |
| 0:49 | Tomb of Relics |
| 1:16 | Graveyard |
| 1:37 | Ziggurat |
| 1:43 | Ghoul |
| 2:09 | Impale |
| 2:11 | Rod of Necromancy |
| 2:21 | Ghoul |
| 2:21 | Ghoul |
| 2:33 | Nerubian Tower |
| 2:43 | Ghoul |
| 2:43 | Ghoul |
| 3:19 | Acolyte |
| 3:20 | Acolyte |
| 3:47 | Acolyte |
| 3:48 | Acolyte |
| 3:48 | Acolyte |
| 4:10 | Spiked Carapace |
| 4:13 | Ghoul |
| 4:56 | Halls of the Dead |
| 4:59 | Ghoul |
| 5:14 | Boots of Speed |
| 5:24 | Circlet of Nobility |
| 5:55 | Ziggurat |
| 5:56 | Ghoul |
| 6:22 | Necropolis |
| 6:25 | Ziggurat |
| 6:34 | Spirit Tower |
| 7:16 | Impale |
| 7:21 | Black Citadel |
| 7:28 | Ghoul |
| 7:37 | Rod of Necromancy |
| 7:52 | Slaughterhouse |
| 8:10 | Nerubian Tower |
| 8:16 | Ghoul |
| 8:21 | Vampiric Aura |
| 8:39 | Spirit Tower |
| 8:40 | Ziggurat |
| 9:06 | Obsidian Statue |
| 9:06 | Obsidian Statue |
| 9:46 | Orb of Corruption |
| 9:56 | Staff of Teleportation |
| 9:56 | Boots of Speed |
| 10:09 | Spirit Tower |
| 10:13 | Ghoul Frenzy |
| 11:01 | Death Coil |
| 11:58 | Sleep |
| 12:50 | Unholy Aura |
| 13:02 | Staff of Teleportation |
| 13:04 | Boots of Speed |
| 13:05 | Periapt of Vitality |
| 13:22 | Staff of Sanctuary |
| 13:24 | Staff of Sanctuary |
| 14:52 | Orb of Corruption |
| 14:57 | Staff of Sanctuary |
| 15:27 | Staff of Teleportation |
| 15:28 | Circlet of Nobility |
| 15:44 | Spiked Carapace |
| 16:22 | Sleep |
| 16:28 | Obsidian Statue |
| 17:52 | Death Coil |
| 20:29 | Vampiric Aura |
| 20:31 | Impale |
| 21:29 | Sacrificial Pit |
| 22:05 | Orb of Corruption |
| 23:13 | Unholy Aura |
| 29:20 | Necropolis |
| 29:34 | Ziggurat |
| 30:43 | Sleep |
| Right click | 2119 |
| Select group | 1943 |
| Select | 193 |
| Resource trade | 184 |
| Build/train/purchase | 121 |
| Use ability | 107 |
| Chat | 104 |
| Misc. action | 97 |
| Assign group | 13 |
| Item give/drop | 13 |
| Minimap ping | 8 |
170 units @ 26.7k
/ 3k
84 buildings @ 13.5k
/ 5.6k


| Rod of Necromancy | 1 | 150 |
| Scroll of Town Portal | 1 | 350 |
| total: | 2 | 500g |
| Acolyte | 10 | 750 | / | 0 |
| Ghoul | 4 | 480 | / | 0 |
| Crypt Fiend | 8 | 1720 | / | 320 |
| Obsidian Statue | 4 | 800 | / | 140 |
| Meat Wagon | 9 | 2070 | / | 450 |
| Necromancer | 9 | 1305 | / | 180 |
| Gargoyle | 5 | 875 | / | 150 |
| Forest Troll Shadow Priest | 1 | 195 | / | 10 |
| total: | 50 | 8195g | / | 1250w |
| Spirit Tower | 5 | 725 | / | 200 |
| Graveyard | 1 | 215 | / | 0 |
| Crypt | 1 | 200 | / | 50 |
| Altar of Darkness | 1 | 180 | / | 50 |
| Ziggurat | 11 | 1650 | / | 550 |
| Tomb of Relics | 1 | 130 | / | 30 |
| Necropolis | 1 | 225 | / | 0 |
| Slaughterhouse | 1 | 140 | / | 135 |
| Temple of the Damned | 1 | 155 | / | 140 |
| Halls of the Dead | 1 | 320 | / | 210 |
| Black Citadel | 1 | 325 | / | 230 |
| total: | 18 | 2895g | / | 955w |
| 0:10 | Acolyte |
| 0:31 | Graveyard |
| 0:38 | Crypt |
| 0:42 | Altar of Darkness |
| 1:06 | Ziggurat |
| 1:20 | Acolyte |
| 1:28 | Tomb of Relics |
| 1:47 | Ghoul |
| 2:09 | Crypt Fiend |
| 2:23 | Crypt Fiend |
| 2:38 | Ziggurat |
| 2:59 | Crypt Fiend |
| 3:02 | Death Coil |
| 3:14 | Rod of Necromancy |
| 4:24 | Unholy Aura |
| 4:34 | Crypt Fiend |
| 4:36 | Halls of the Dead |
| 4:40 | Ziggurat |
| 5:29 | Crypt Fiend |
| 5:29 | Crypt Fiend |
| 5:50 | Death Coil |
| 6:49 | Crypt Fiend |
| 6:50 | Crypt Fiend |
| 6:58 | Slaughterhouse |
| 7:14 | Forest Troll Shadow Priest |
| 8:25 | Temple of the Damned |
| 8:26 | Obsidian Statue |
| 8:59 | Meat Wagon |
| 9:11 | Ziggurat |
| 9:27 | Ziggurat |
| 9:31 | Necromancer Adept Training |
| 9:34 | Ziggurat |
| 9:45 | Unholy Strength |
| 10:04 | Ghoul |
| 10:04 | Ghoul |
| 10:04 | Ghoul |
| 10:28 | Unholy Aura |
| 11:14 | Necromancer |
| 11:15 | Necromancer |
| 11:15 | Necromancer |
| 11:18 | Exhume Corpses |
| 12:03 | Spirit Tower |
| 12:07 | Frost Nova |
| 12:23 | Skeletal Mastery |
| 14:17 | Web |
| 14:19 | Obsidian Statue |
| 14:22 | Necromancer |
| 14:34 | Acolyte |
| 14:34 | Acolyte |
| 14:37 | Acolyte |
| 14:37 | Acolyte |
| 15:05 | Acolyte |
| 15:27 | Black Citadel |
| 16:00 | Scroll of Town Portal |
| 17:37 | Ziggurat |
| 17:39 | Ziggurat |
| 17:42 | Ziggurat |
| 17:47 | Necropolis |
| 18:54 | Spirit Tower |
| 18:57 | Necromancer |
| 18:59 | Obsidian Statue |
| 18:59 | Obsidian Statue |
| 19:12 | Spirit Tower |
| 19:14 | Spirit Tower |
| 19:51 | Ziggurat |
| 19:55 | Ziggurat |
| 20:08 | Necromancer |
| 20:25 | Acolyte |
| 20:25 | Acolyte |
| 20:25 | Acolyte |
| 20:34 | Meat Wagon |
| 20:35 | Meat Wagon |
| 20:36 | Meat Wagon |
| 20:38 | Meat Wagon |
| 21:05 | Spirit Tower |
| 21:29 | Gargoyle |
| 21:30 | Gargoyle |
| 21:44 | Necromancer |
| 21:49 | Disease Cloud |
| 22:18 | Gargoyle |
| 22:53 | Gargoyle |
| 22:53 | Gargoyle |
| 24:03 | Meat Wagon |
| 24:03 | Meat Wagon |
| 24:03 | Meat Wagon |
| 24:31 | Meat Wagon |
| 25:41 | Necromancer |
| 25:42 | Necromancer |
| Right click | 513 |
| Select | 291 |
| Chat | 125 |
| Build/train/purchase | 81 |
| Misc. action | 41 |
| Use ability | 19 |
| Esc | 3 |


| Potion of Healing | 1 | 150 |
| Scroll of Healing | 2 | 500 |
| Scroll of Town Portal | 3 | 1050 |
| Scroll of Protection | 2 | 300 |
| Boots of Speed | 1 | 250 |
| total: | 9 | 2250g |
| Wisp | 22 | 1320 | / | 0 |
| Archer | 8 | 1040 | / | 80 |
| Chimaera | 9 | 2970 | / | 630 |
| total: | 39 | 5330g | / | 710w |
| Ancient Protector | 5 | 675 | / | 400 |
| Altar of Elders | 1 | 180 | / | 50 |
| Moon Well | 8 | 1440 | / | 320 |
| Ancient of War | 1 | 150 | / | 60 |
| Ancient of Wonders | 1 | 90 | / | 30 |
| Hunter's Hall | 1 | 210 | / | 100 |
| Tree of Life | 2 | 680 | / | 370 |
| Chimaera Roost | 3 | 420 | / | 570 |
| Tree of Ages | 1 | 320 | / | 180 |
| Tree of Eternity | 2 | 660 | / | 400 |
| total: | 22 | 3845g | / | 1900w |
| 0:02 | Wisp |
| 0:02 | Wisp |
| 0:08 | Altar of Elders |
| 0:18 | Moon Well |
| 0:20 | Wisp |
| 0:43 | Wisp |
| 0:48 | Wisp |
| 0:55 | Ancient of War |
| 1:01 | Wisp |
| 1:21 | Moon Well |
| 1:25 | Wisp |
| 1:43 | Ancient of Wonders |
| 1:44 | Wisp |
| 1:51 | Wisp |
| 1:56 | Archer |
| 2:07 | Force of Nature |
| 2:18 | Archer |
| 2:23 | Wisp |
| 2:27 | Moon Well |
| 2:40 | Archer |
| 3:15 | Archer |
| 3:29 | Entangling Roots |
| 3:38 | Archer |
| 3:39 | Wisp |
| 3:42 | Tree of Ages |
| 4:55 | Archer |
| 5:10 | Hunter's Hall |
| 5:18 | Archer |
| 5:20 | Archer |
| 5:51 | Entangling Roots |
| 6:10 | Wisp |
| 6:19 | Moon Well |
| 6:21 | Strength of the Moon |
| 6:21 | Moon Armor |
| 6:22 | Improved Bows |
| 7:24 | Trueshot Aura |
| 7:30 | Tree of Life |
| 7:32 | Tree of Life |
| 8:11 | Tree of Eternity |
| 8:15 | Improved Strength of the Moon |
| 8:25 | Force of Nature |
| 8:30 | Searing Arrows |
| 8:35 | Scroll of Protection |
| 8:35 | Scroll of Healing |
| 9:38 | Wisp |
| 9:38 | Wisp |
| 9:41 | Wisp |
| 9:44 | Strength of the Wild |
| 9:50 | Moon Well |
| 9:53 | Moon Well |
| 9:54 | Moon Well |
| 10:38 | Chimaera Roost |
| 10:42 | Chimaera Roost |
| 11:15 | Wisp |
| 11:15 | Wisp |
| 11:15 | Wisp |
| 11:28 | Wisp |
| 12:03 | Chimaera Roost |
| 12:08 | Chimaera |
| 12:35 | Chimaera |
| 12:37 | Corrosive Breath |
| 12:40 | Improved Strength of the Wild |
| 12:52 | Wisp |
| 13:56 | Ancient Protector |
| 13:58 | Ancient Protector |
| 14:01 | Wisp |
| 14:01 | Wisp |
| 14:03 | Chimaera |
| 14:33 | Nature's Blessing |
| 14:44 | Chimaera |
| 15:04 | Moon Well |
| 15:47 | Ancient Protector |
| 15:48 | Ancient Protector |
| 16:26 | Trueshot Aura |
| 17:09 | Reinforced Hides |
| 17:09 | Advanced Strength of the Wild |
| 17:23 | Scroll of Protection |
| 17:24 | Scroll of Healing |
| 19:47 | Chimaera |
| 19:47 | Chimaera |
| 20:38 | Chimaera |
| 21:04 | Entangling Roots |
| 21:31 | Boots of Speed |
| 22:11 | Ancient Protector |
| 22:34 | Chimaera |
| 23:00 | Scroll of Town Portal |
| 23:00 | Scroll of Town Portal |
| 23:08 | Searing Arrows |
| 24:36 | Potion of Healing |
| 24:46 | Scroll of Town Portal |
| 25:04 | Chimaera |
| Right click | 1114 |
| Select | 448 |
| Chat | 121 |
| Build/train/purchase | 113 |
| Misc. action | 100 |
| Select group | 97 |
| Use ability | 44 |
| Assign group | 26 |
| Minimap ping | 10 |
| Item give/drop | 3 |
| Esc | 1 |



| Peon | 9 | 675 | / | 0 |
| Grunt | 29 | 5800 | / | 0 |
| Troll Headhunter | 2 | 280 | / | 40 |
| Demolisher | 12 | 2640 | / | 600 |
| Spirit Walker | 1 | 195 | / | 35 |
| Raider | 2 | 360 | / | 80 |
| total: | 55 | 9950g | / | 755w |
| Watch Tower | 7 | 770 | / | 560 |
| Orc Burrow | 6 | 960 | / | 240 |
| War Mill | 1 | 205 | / | 0 |
| Barracks | 2 | 360 | / | 100 |
| Altar of Storms | 1 | 180 | / | 50 |
| Beastiary | 1 | 145 | / | 140 |
| Tauren Totem | 1 | 135 | / | 155 |
| Stronghold | 1 | 315 | / | 190 |
| Fortress | 1 | 325 | / | 190 |
| total: | 19 | 2755g | / | 1245w |
| 0:19 | Peon |
| 1:04 | Orc Burrow |
| 1:07 | Peon |
| 1:08 | Peon |
| 1:56 | War Mill |
| 2:10 | Barracks |
| 2:23 | Orc Burrow |
| 2:29 | Peon |
| 3:07 | Peon |
| 3:27 | Watch Tower |
| 3:47 | Altar of Storms |
| 3:54 | Steel Melee Weapons |
| 3:59 | Peon |
| 4:25 | Peon |
| 4:30 | Peon |
| 4:46 | Grunt |
| 4:57 | Watch Tower |
| 5:32 | Stronghold |
| 6:02 | Grunt |
| 6:04 | Troll Headhunter |
| 6:19 | Watch Tower |
| 6:43 | Watch Tower |
| 7:12 | Healing Wave |
| 7:18 | Grunt |
| 7:18 | Grunt |
| 7:19 | Grunt |
| 8:16 | Watch Tower |
| 8:31 | Barracks |
| 8:38 | Orc Burrow |
| 9:05 | Fortress |
| 9:37 | Beastiary |
| 10:47 | Berserker Strength |
| 11:13 | Orc Burrow |
| 11:20 | Demolisher |
| 11:29 | Berserker Upgrade |
| 11:32 | Troll Headhunter |
| 11:34 | Grunt |
| 11:34 | Grunt |
| 12:19 | Tauren Totem |
| 12:32 | Orc Burrow |
| 12:47 | Grunt |
| 12:47 | Grunt |
| 12:47 | Grunt |
| 12:48 | Grunt |
| 13:47 | Orc Burrow |
| 14:56 | Demolisher |
| 14:56 | Demolisher |
| 14:59 | Demolisher |
| 14:59 | Demolisher |
| 15:03 | Burning Oil |
| 16:13 | Grunt |
| 16:13 | Grunt |
| 16:22 | Spirit Walker |
| 16:37 | Watch Tower |
| 16:47 | Watch Tower |
| 17:16 | Grunt |
| 17:16 | Grunt |
| 17:17 | Grunt |
| 17:31 | Grunt |
| 17:32 | Grunt |
| 17:33 | Grunt |
| 17:55 | Chain Lighting |
| 19:11 | Grunt |
| 19:11 | Grunt |
| 19:29 | Wind Walk |
| 20:40 | Raider |
| 20:55 | Demolisher |
| 20:58 | Demolisher |
| 20:58 | Demolisher |
| 20:58 | Demolisher |
| 21:17 | Peon |
| 21:29 | Demolisher |
| 21:29 | Demolisher |
| 22:34 | Demolisher |
| 22:46 | Raider |
| 25:09 | Grunt |
| 25:09 | Grunt |
| 25:09 | Grunt |
| 25:09 | Grunt |
| 25:09 | Grunt |
| 25:15 | Grunt |
| 25:15 | Grunt |
| 25:15 | Grunt |
| Right click | 486 |
| Select | 197 |
| Build/train/purchase | 77 |
| Remove unit | 6 |
| Esc | 2 |
| Assign group | 1 |
| Use ability | 1 |
| Select group | 1 |



| Peon | 15 | 1125 | / | 0 |
| Grunt | 4 | 800 | / | 0 |
| Troll Headhunter | 3 | 420 | / | 60 |
| Demolisher | 4 | 880 | / | 200 |
| total: | 26 | 3225g | / | 260w |
| Watch Tower | 4 | 440 | / | 320 |
| Orc Burrow | 13 | 2080 | / | 520 |
| Altar of Storms | 1 | 180 | / | 50 |
| War Mill | 1 | 205 | / | 0 |
| Barracks | 1 | 180 | / | 50 |
| Voodoo Lounge | 2 | 260 | / | 60 |
| Great Hall | 1 | 385 | / | 185 |
| Beastiary | 1 | 145 | / | 140 |
| Tauren Totem | 1 | 135 | / | 155 |
| Stronghold | 1 | 315 | / | 190 |
| Fortress | 1 | 325 | / | 190 |
| total: | 25 | 4010g | / | 1480w |
| 0:16 | Peon |
| 0:16 | Peon |
| 0:16 | Peon |
| 0:16 | Peon |
| 0:17 | Peon |
| 0:25 | Peon |
| 0:37 | Orc Burrow |
| 0:38 | Orc Burrow |
| 0:41 | Orc Burrow |
| 0:46 | Orc Burrow |
| 1:34 | Altar of Storms |
| 3:03 | War Mill |
| 3:17 | Barracks |
| 3:41 | Peon |
| 3:42 | Peon |
| 3:42 | Peon |
| 3:44 | Peon |
| 4:20 | Voodoo Lounge |
| 4:44 | Wind Walk |
| 5:16 | Peon |
| 5:17 | Peon |
| 6:22 | Stronghold |
| 6:47 | Mirror Image |
| 6:58 | Steel Melee Weapons |
| 6:58 | Steel Ranged Weapons |
| 6:58 | Spiked Barricades |
| 7:04 | Grunt |
| 7:04 | Grunt |
| 7:05 | Grunt |
| 7:06 | Grunt |
| 7:07 | Troll Headhunter |
| 7:07 | Troll Headhunter |
| 7:07 | Troll Headhunter |
| 7:43 | Watch Tower |
| 7:46 | Watch Tower |
| 7:47 | Watch Tower |
| 7:49 | Watch Tower |
| 8:44 | Fortress |
| 10:51 | War Stomp |
| 11:47 | Great Hall |
| 12:53 | Summon Bear |
| 14:33 | Thorium Melee Weapons |
| 14:34 | Thorium Ranged Weapons |
| 14:35 | Reinforced Defenses |
| 14:36 | Improved Spiked Barricades |
| 14:36 | Steel Armor |
| 14:54 | Orc Burrow |
| 14:56 | Orc Burrow |
| 14:57 | Orc Burrow |
| 14:58 | Orc Burrow |
| 14:59 | Orc Burrow |
| 15:01 | Orc Burrow |
| 15:03 | Orc Burrow |
| 15:04 | Orc Burrow |
| 15:05 | Orc Burrow |
| 15:20 | Backpack |
| 15:22 | Peon |
| 15:23 | Peon |
| 15:24 | Peon |
| 18:13 | Burning Oil |
| 18:16 | Demolisher |
| 18:19 | Demolisher |
| 18:19 | Demolisher |
| 18:21 | Demolisher |
| 18:24 | Berserker Strength |
| 18:24 | Troll Regeneration |
| 18:59 | Arcanite Melee Weapons |
| 19:38 | Arcanite Ranged Weapons |
| 20:19 | Beastiary |
| 20:40 | Tauren Totem |
| 20:45 | Voodoo Lounge |
| Right click | 733 |
| Select | 115 |
| Build/train/purchase | 64 |
| Select group | 29 |
| Minimap ping | 16 |
| Assign group | 5 |
| Use ability | 3 |
| Esc | 3 |
| Remove unit | 1 |
⇛